 Dungeon Crawl Stone Soup version 0.18-a0-1405-g73f4075 (webtiles) character file.

328209 4thArraOfDagon the Impaler (level 20, -49/156 HPs)
             Began as a Mummy Monk on Feb 23, 2016.
             Was the Champion of Pakellas.
             Killed from afar by an iron giant (67 damage)
             ... with an iron shot
             ... on level 2 of the Depths on Feb 24, 2016.
             The game lasted 04:20:26 (30338 turns).

4thArraOfDagon the Impaler (Mummy Monk)            Turns: 30338, Time: 04:20:27

Health: -49/156    AC: 25    Str: 27    XL:     20   Next: 41%
Magic:  7/30       EV: 20    Int: 14    God:    Pakellas [******]
Gold:   3529       SH:  6    Dex: 20    Spells: 7 memorised, 5 levels left

rFire  . . .     SeeInvis .     A - +9 bardiche (chaos)
rCold  . . .     Gourm    .     P - +0 scale mail of Zemoban {rN+ Str+6 Int+4}
rNeg   + + +     Faith    .     (shield currently unavailable)
rPois  ∞         Spirit   .     S - +1 helmet "Qiufizoi" {rF- rN++ Regen+ Dex+4}
rElec  .         Dismiss  .     B - +2 cloak {MR+}
rCorr  .         Reflect  +     H - +5 pair of gloves "Caeryid" {rF+}
SustAt .         Harm     .     Y - +2 pair of boots {run}
MR     +++..                    p - +6 amulet of reflection
Stlth  ++++......               L - +5 ring of slaying
                                D - ring of fire

@: very slightly contaminated, hasted, studying Necromancy, very quick,
extremely resistant to hostile enchantments, stealthy
A: no food or potions, fire vulnerability, cold resistance 1, negative energy
resistance 3, torment resistance, unbreathing, in touch with death 1, restore
body
a: Self-Restoration, Quick Charge, Device Surge, Renounce Religion
}: 3/15 runes: decaying, slimy, gossamer


You were on level 2 of the Depths.
You worshipped Pakellas.
Pakellas was exalted by your worship.
You were not hungry.

You visited 8 branches of the dungeon, and saw 44 of its levels.
You also visited: Labyrinth, Bailey and Wizlab.

You collected 4981 gold pieces.
You spent 1452 gold pieces at shops.

Inventory:

Hand Weapons
 a - the +3 blowgun of Bodily Harmony {speed, rC+}
   (You found it on level 4 of the Swamp)

   Attacks with this weapon are significantly faster.
   It protects you from cold.
 A - a +9 bardiche of chaos (weapon)
Missiles
 s - 25 curare-tipped needles
 Z - 2 throwing nets (quivered)
Armour
 y - the +4 hat of Complete Protection {Dex+4}
   (You found it on level 6 of the Dungeon)

   It affects your dexterity (+4).
 B - a +2 cloak of magic resistance (worn)
 H - the +5 pair of gloves "Caeryid" (worn) {rF+}
   (You took it off Nikola on level 3 of the Swamp)

   It protects you from fire.
 P - the +0 scale mail of Zemoban (worn) {rN+ Str+6 Int+4}
   (You found it on level 4 of the Spider Nest)

   It affects your strength (+6).
   It affects your intelligence (+4).
   It protects you from negative energy.
 S - the +1 helmet "Qiufizoi" (worn) {rF- rN++ Regen+ Dex+4}
   (You found it on level 11 of the Dungeon)

   It affects your dexterity (+4).
   It makes you vulnerable to fire.
   It greatly protects you from negative energy.
   It increases your rate of regeneration.
 U - a fire dragon hide
 Y - a +2 pair of boots of running (worn)
Rods
 m - a +10 rod of inaccuracy (5/18)
   (Pakellas gifted it to you on level 2 of the Dungeon)
 x - a +2 rod of clouds (2/14)
   (You found it on level 2 of the Spider Nest)
Jewellery
 b - the amulet "Ihilorgh" {+Rage rElec SInv}
   (You found it on level 6 of the Pits of Slime)

   [amulet of rage]

   It insulates you from electricity.
   It lets you see invisible.
   It lets you go berserk.
 e - an uncursed amulet of regeneration
 i - the ring "Sehunoep" {rElec rPois Str+2 SInv Stlth+}
   (You took it off a deep elf high priest on level 3 of the Elven Halls)

   [ring of see invisible]

   It affects your strength (+2).
   It insulates you from electricity.
   It protects you from poison.
   It lets you see invisible.
   It makes you more stealthy.
 p - a +6 amulet of reflection (around neck)
 q - an uncursed ring of flight
 t - an uncursed ring of protection from cold
 D - a ring of fire (left hand)
 F - an uncursed ring of resist corrosion
 K - an uncursed ring of fire
 L - a +5 ring of slaying (right hand)
Wands
 d - a wand of iceblast (6/15)
 g - a wand of digging (8/24)
 o - a wand of heal wounds (0/9)
 w - a wand of hasting (4/9)
 J - a wand of teleportation (9/9)
 M - a wand of teleportation (5/9)
 N - a wand of teleportation (6/9)
 T - a wand of acid (1/15)
 V - a wand of lightning (10/15)
 X - a wand of hasting (4/9)
Scrolls
 j - 3 scrolls of magic mapping
 k - 2 scrolls of recharging
 l - 10 scrolls of remove curse
 u - 3 scrolls of fear
 v - 3 scrolls of blinking
 C - a scroll of identify
 E - a scroll of torment
 G - 5 scrolls of immolation
 W - a scroll of fog
Books
 Q - a manual of Necromancy
Miscellaneous
 c - a box of beasts {used: 3}
 f - a sack of spiders {used: 5}
 h - 3 phantom mirrors
 n - a plain deck of summoning {the Rangers, drawn: 1}
 r - a sack of spiders
 z - a plain deck of defence {the Shaft}
 I - a plain deck of summoning {the Illusion, drawn: 4}
 O - a disc of storms
 R - a legendary deck of defence {the Elixir, drawn: 2}


   Skills:
 + Level 13.2 Fighting
 * Level 17.1 Polearms
 + Level 11.3 Armour
 + Level 11.4 Dodging
 - Level 13.3 Stealth
 - Level 3.3 Unarmed Combat
 - Level 4.0 Spellcasting
 - Level 3.9 Conjurations
 - Level 2.2 Charms
 - Level 2.6 Translocations
 - Level 5.3 Air Magic
 - Level 3.7 Poison Magic
 + Level 13.8 Evocations


You had 5 spell levels left.
You knew the following spells:

 Your Spells              Type           Power        Failure   Level  Hunger
a - Blink                 Tloc           N/A          21%         2    N/A
b - Repel Missiles        Chrm/Air       ##....       14%         2    N/A
c - Mephitic Cloud        Conj/Pois/Air  ##......     21%         3    N/A
d - Swiftness             Chrm/Air       ##......     14%         2    N/A
e - Controlled Blink      Tloc           N/A          100%        8    N/A
f - Apportation           Tloc           ##........   14%         1    N/A
g - Passage of Golubria   Tloc           N/A          95%         4    N/A

Dungeon Overview and Level Annotations

Branches:
Dungeon (15/15)            Temple (0/1) D:6            Lair (8/8) D:9
  Swamp (4/4) Lair:3       Spider (4/4) Lair:5        Slime (6/6) Lair:7
    Orc (2/2) D:9             Elf (3/3) Orc:2        Depths (2/5) D:15
 Vaults: D:13-14

Altars:
Ashenzari
Dithmenos
Fedhas
Gozag
Makhleb
Okawaru
Pakellas
Qazlal
Ru
Trog
Vehumet
Xom
Yredelemnul
Zin
The Shining One
Beogh

Shops:
D:4 [   D:7 =   D:12 %   Orc:1 ?   Orc:2 [}((   Elf:2 %(   Depths:1 }

Portals:
Hell: Depths:1 Depths:2
Pandemonium: Depths:1
Trove: Elf:2 (give 2 scrolls of acquirement)

Annotations:
D:5 Armakuni's ghost, novice HuWz; Eustachio
D:7 Kidiri's ghost, novice DEFE; Pikel
D:12 chonchonts's ghost, journeyman MiFi
Lair:5 4 exclusions
Spider:3 exclusion: upstairs, Jorgrun
Spider:4 DONT FORGET ROD FROM
S:2
Slime:2 Vojta's ghost, veteran HuAs
Elf:1 Azrael; Kirke


Innate Abilities, Weirdness & Mutations

You do not eat or drink.
Your flesh is vulnerable to fire.
You are immune to poison.
Your flesh is cold resistant.
You are immune to negative energy.
You are immune to unholy pain and torment.
You can survive without breathing.
You are in touch with the powers of death.
You can restore your body by infusing magical energy.


Message History

Evoke which item? (* to show all) (? for menu, Esc to quit)
This wand has no charges.
An iron giant is nearby!
Unknown command.
Evoke which item? (* to show all) (? for menu, Esc to quit)
Okay, then.
Unknown command.
Evoke which item? (* to show all) (? for menu, Esc to quit)
Zapping:
X - a wand of hasting (5/9)
Press: ? - help, Shift-Dir - straight line, f - you, p - iron giant You feel yourself speed up.
This wand has 4 charges left.
The iron giant throws you!
Unknown command.
The hell knight gestures at you while chanting.
The bolt of fire hits you!
* * * LOW HITPOINT WARNING * * *
The iron giant gestures at you while chanting.
The iron shot hits you!
You die...
Pakellas says: Time to start the next experiment...

#... #.#§# #..###.)##
#..##(p..# #..##[)###
#..##)#÷## #..##p##.%
##.....##..
#########..#(..#'##
#.@..pC.).###...###
#.#)####### ###....
#.#C# ##### #.#.# .)
#.#.#############.#
####.#<)...^......)..#
#....####.........##.#
##(###..'.........# ##
#.....##.........#


You could see an iron giant, a stone giant and a hell knight.

Vanquished Creatures
  the Royal Jelly (Slime:6)
  2 juggernauts (Depths:2)
  Nikola (Swamp:3)
  Arachne (Spider:2)
  24 acid blobs
  2 deep elf blademasters (Elf:3)
  2 sphinxes
  An eldritch tentacle (Depths:1)
  A thorn hunter (Swamp:4)
  11 azure jellies
  A fire giant (Depths:2)
  4 ghost moths
  4 emperor scorpions
  Louise (Swamp:3)
  Donald (Swamp:4)
  Maud (D:10)
  Aizul (Swamp:2)
  5 deep elf sorcerers (Elf:3)
  2 frost giants (Depths:2)
  2 caustic shrike zombies (WizLab)
  3 deep elf elementalists (Elf:3)
  3 stone giants (Depths:2)
  2 spriggan defenders (Depths:2)
  A vampire knight (Depths:1)
  2 deep elf demonologists (Elf:3)
  The ghost of Dirian the Severer, a journeyman MiFi of Qazlal (D:15)
  4 deep elf annihilators (Elf:3)
  3 spark wasps (Spider:4)
  6 deep elf death magi
  8 death oozes (Slime:6)
  6 ettins
  A mummy priest (WizLab)
  2 fire dragons
  Josephine (Orc:1)
  A yaktaur captain (Depths:1)
  A minotaur (Lab)
  3 deep elf high priests (Elf:3)
  17 hydras
  9 great orbs of eyes
  2 spriggan air magi (Depths:2)
  A ghost crab (Swamp:1)
  2 ice dragons
  An entropy weaver (Spider:3)
  2 ogre magi (D:15)
  Harold (Orc:1)
  Erica (Orc:1)
  3 catoblepae (Lair:8)
  2 alligators
  A centaur warrior (D:11)
  3 deep troll shamans
  5 dancing weapons
  11 death yaks (Lair:8)
  5 tengu warriors
  A vampire mage (Depths:1)
  3 spriggan berserkers
  An orc high priest (Orc:1)
  2 deep troll earth magi (Depths:1)
  Sonja (Lair:2)
  5 deep elf knights
  An iron troll (Depths:2)
  6 hell knights
  An unseen horror (D:12)
  A small abomination (Elf:3)
  A wizard (Depths:1)
  7 swamp dragons
  9 deep trolls
  2 giant orange brains
  3 deep elf archers
  3 hill giants
  A sphinx zombie (WizLab)
  7 orc knights
  A wolf spider zombie (D:12)
  A griffon (Lair:6)
  A fire giant zombie (WizLab)
  12 ugly things
  20 orb spiders
  An orc sorcerer (Orc:2)
  18 wolf spiders
  2 moths of wrath
  10 shining eyes
  A stone giant zombie (WizLab)
  26 deep elf magi
  5 hornets (Spider:4)
  A manticore (D:15)
  Maurice (Orc:1)
  3 black mambas
  6 eyes of devastation
  13 elephants
  A demonspawn zombie (WizLab)
  2 naga magi (Depths:1)
  5 centaur zombies
  4 torpor snails
  12 spiny frogs
  A gargoyle (D:11)
  6 demonic crawlers
  An efreet (D:15)
  7 komodo dragons
  4 kobold demonologists
  An elf zombie (WizLab)
  2 fire drakes (Lair:7)
  7 yaktaurs
  8 trolls
  A tengu conjurer (Depths:1)
  30 jumping spiders
  A polar bear (Lair:7)
  A queen bee (Lair:3)
  111 slime creatures
  A two-headed ogre (D:10)
  3 giant leeches
  12 blink frogs
  11 bog bodies
  2 boulder beetles
  A fire dragon zombie (WizLab)
  Prince Ribbit (D:7)
  An ettin zombie (WizLab)
  6 air elementals
  2 shadows
  A spriggan zombie (WizLab)
  62 redbacks
  5 wraiths
  2 vampires
  3 spriggans
  4 water elementals
  23 tarantellas
  A wyvern (D:9)
  3 fire elementals
  75 yaks
  4 basilisks
  8 golden eyes
  7 hippogriffs
  3 hogs
  A golden eye (shapeshifter) (D:15)
  2 spatial vortices (Depths:1)
  A steam dragon (D:13)
  19 swamp worms
  A human zombie (WizLab)
  2 insubstantial wisps
  3 hungry ghosts
  A mottled dragon (D:12)
  7 wolves
  A torturous demonspawn zombie (WizLab)
  11 vampire mosquitoes
  A naga (Slime:4)
  8 wargs
  10 water moccasins
  A soldier ant (D:12)
  Duvessa (D:7)
  11 swamp drakes
  8 porcupines
  A black bear (D:9)
  5 wasps
  A phantom (D:8)
  4 ice beasts
  53 orc warriors
  7 eyes of draining
  4 sky beasts
  5 necrophages
  7 ogres
  A boggart (D:13)
  9 centaurs
  15 crocodiles
  6 big kobolds
  20 giant frogs
  A wyvern skeleton (D:9)
  A howler monkey (D:11)
  2 scorpions
  Dowan (D:7)
  26 killer bees
  18 wights
  An electric eel (Lair:3)
  5 crimson imps
  30 jellies
  A lava snake (Lair:3)
  2 giant frog zombies
  2 centaur skeletons
  13 orc priests
  2 giant frog skeletons
  10 hounds
  19 orc wizards
  8 iguanas
  A killer bee zombie (D:10)
  8 worker ants
  19 sheep
  A hound skeleton (D:6)
  6 gnolls
  9 adders
  20 river rats
  2 shadow imps
  An adder skeleton (D:5)
  An adder zombie (D:5)
  2 worms (D:2)
  4 dart slugs
  7 giant geckos
  93 orcs
  7 bats
  6 giant cockroaches
  15 goblins
  11 hobgoblins
  12 jackals
  43 kobolds
  4 quokkas
  A giant gecko zombie (D:6)
  5 giant newts
  A quokka skeleton (D:6)
  7 rats
  A crawling corpse (Elf:1)
1461 creatures vanquished.

Vanquished Creatures (collateral kills)
  2 thorn hunters (Swamp:4)
  Wiglaf (Spider:2)
  A spark wasp (Spider:4)
  A shambling mangrove (Swamp:3)
  A hornet (Spider:4)
  A wolf spider (Spider:2)
  A demonic crawler (Spider:2)
  2 jumping spiders (Spider:2)
  2 slime creatures (Swamp:3)
  A redback (Spider:2)
  2 swamp worms (Swamp:4)
  A wasp (Swamp:3)
16 creatures vanquished.

Vanquished Creatures (others)
  A deep elf master archer (Elf:3)
  A deep elf elementalist (Elf:3)
  A jumping spider (Spider:1)
  A redback (Spider:3)
  A water elemental (Elf:3)
  A yak (Lair:1)
  A jelly (Slime:1)
  99 eldritch tentacle segments (Depths:1)
  7 fungi
  5 plants
118 creatures vanquished.

Grand Total: 1595 creatures vanquished

Notes
Turn   | Place    | Note
--------------------------------------------------------------
     0 | D:1      | 4thArraOfDagon the Mummy Monk began the quest for the Orb.
     0 | D:1      | Reached XP level 1. HP: 18/18 MP: 1/1
   122 | D:1      | BLOAX: is that a monk
   122 | D:1      | 4thArraOfDagon: ya
   122 | D:1      | 4thArraOfDagon: monk
   122 | D:1      | BLOAX: how silly
   122 | D:1      | 4thArraOfDagon: mummymonk
   128 | D:2      | Found a faded altar to an unknown god.
   140 | D:2      | 4thArraOfDagon: and im going ru again
   166 | D:2      | Reached XP level 2. HP: 21/24 MP: 2/2
   247 | D:2      | Became a worshipper of Pakellas the Inventive
   247 | D:2      | Reached * piety under Pakellas
   247 | D:2      | Reached ** piety under Pakellas
   247 | D:2      | Received a gift from Pakellas
   472 | D:1      | Reached *** piety under Pakellas
   728 | D:1      | Reached skill level 1 in Evocations
   870 | D:1      | Reached XP level 3. HP: 30/30 MP: 3/3
  1857 | D:2      | Found a blossoming altar of Fedhas.
  1901 | D:2      | Reached XP level 4. HP: 33/37 MP: 5/5
  1935 | D:2      | Dirian: when ctrl-X, how do you see on another dungeon lvl ?
  1944 | D:2      | Reached **** piety under Pakellas
  1944 | D:2      | Received a gift from Pakellas
  1952 | D:2      | 4thArraOfDagon: shift-x
  1952 | D:2      | Dirian: ty :)
  1952 | D:2      | 4thArraOfDagon: and ], [
  1980 | D:2      | Identified a +4 rod of inaccuracy (13/13) (Pakellas gifted it to you on level 2 of the Dungeon)
  1982 | D:2      | Reached skill level 1 in Armour
  2222 | D:2      | Found a glowing silver altar of Zin.
  2390 | D:3      | Reached XP level 5. HP: 38/42 MP: 7/7
  2446 | D:3      | Found a shadowy altar of Dithmenos.
  2450 | D:3      | Found an opulent altar of Gozag.
  2452 | D:3      | Found a basalt altar of Yredelemnul.
  2622 | D:3      | Found a shimmering altar of Xom.
  2770 | D:5      | Entered Level 5 of the Dungeon
  2770 | D:5      | Noticed Armakuni's ghost (novice HuWz)
  2822 | D:4      | Noticed an ogre
  2825 | D:4      | Killed an ogre
  2881 | D:4      | Reached XP level 6. HP: 48/48 MP: 9/9
  2894 | D:4      | Found Owiachaj's Antique Armour Boutique.
  2920 | D:4      | ok...
  2935 | D:4      | Found a radiant altar of Vehumet.
  2954 | D:4      | Found an iron altar of Okawaru.
  3376 | D:5      | Reached skill level 5 in Evocations
  3569 | D:5      | Noticed Eustachio
  3575 | D:5      | Reached XP level 7. HP: 54/54 MP: 5/11
  3644 | D:6      | Found a bloodstained altar of Trog.
  3712 | D:6      | Found a staircase to the Ecumenical Temple.
  3723 | D:6      | Got a spiked hat
  3735 | D:6      | Identified the +4 hat of Complete Protection {Dex+4} (You found it on level 6 of the Dungeon)
  4136 | D:7      | Found Simpuj's Jewellery Shop.
  4144 | D:7      | Noticed Dowan
  4147 | D:7      | Killed Dowan
  4148 | D:7      | Noticed Duvessa
  4170 | D:7      | Reached skill level 1 in Polearms
  4170 | D:7      | Reached XP level 8. HP: 58/60 MP: 3/13
  4262 | D:7      | Noticed Prince Ribbit
  4272 | D:7      | Reached skill level 2 in Polearms
  4280 | D:7      | Killed Prince Ribbit
  4280 | D:7      | Reached skill level 3 in Polearms
  4323 | D:7      | Killed Duvessa
  4425 | D:6      | Found a shattered altar of Ashenzari.
  4464 | D:7      | Found a shadowy altar of Dithmenos.
  4548 | D:7      | Found a sacrificial altar of Ru.
  4548 | D:7      | Found a shattered altar of Ashenzari.
  4718 | D:8      | Reached skill level 4 in Polearms
  4882 | D:8      | Found a stormy altar of Qazlal.
  4882 | D:8      | Found a blossoming altar of Fedhas.
  4987 | D:7      | Noticed Pikel
  4990 | D:8      | Reached XP level 9. HP: 61/65 MP: 7/15
  5077 | D:7      | Reached ***** piety under Pakellas
  5077 | D:7      | Reached skill level 5 in Polearms
  5115 | D:7      | Noticed Kidiri's ghost (novice DEFE)
  5229 | D:9      | cool
  5340 | D:9      | Reached skill level 6 in Polearms
  5467 | D:9      | Learned a level 2 spell: Blink
  5470 | D:9      | Learned a level 2 spell: Repel Missiles
  5474 | D:9      | Learned a level 3 spell: Mephitic Cloud
  5544 | D:9      | Reached skill level 1 in Air Magic
  5558 | D:9      | Reached skill level 1 in Charms
  5594 | D:9      | Reached skill level 7 in Polearms
  5691 | D:9      | Reached XP level 10. HP: 71/71 MP: 16/16
  5709 | D:9      | Reached skill level 1 in Spellcasting
  5723 | D:9      | Found a staircase to the Orcish Mines.
  5805 | D:9      | Found a staircase to the Lair.
  6106 | D:9      | Found a burning altar of Makhleb.
  6129 | D:10     | Entered Level 10 of the Dungeon
  6445 | D:10     | Reached ****** piety under Pakellas
  6485 | D:10     | Reached skill level 1 in Translocations
  6489 | D:10     | Reached skill level 1 in Conjurations
  6547 | D:10     | Reached skill level 1 in Poison Magic
  6551 | D:10     | Noticed Maud
  6589 | D:10     | Killed Maud
  6589 | D:10     | Reached skill level 8 in Polearms
  6589 | D:10     | Reached XP level 11. HP: 36/77 MP: 3/17
  6613 | D:10     | thx pak
  6800 | D:11     | Found a labyrinth entrance.
  6808 | Lab      | Entered a labyrinth
  6943 | Lab      | Noticed a minotaur
  6955 | Lab      | Killed a minotaur
  6958 | Lab      | BLOAX: https://www.youtube.com/watch?v=t5jaRipA5_M
  6959 | Lab      | Got a dazzling long sword
  6959 | Lab      | Got an ichor-stained hand crossbow
  7007 | D:11     | Found a flagged portal.
  7013 | Bailey   | Entered a bailey
  7020 | Bailey   | how
  7021 | Bailey   | BLOAX: lolololol
  7039 | Bailey   | BLOAX: actually yes
  7040 | Bailey   | Noticed an orc knight
  7051 | Bailey   | BLOAX: teleportitis will help you here
  7057 | Bailey   | Received a gift from Pakellas
  7066 | Bailey   | BLOAX: not sure if you'll get to come back though ^.^
  7079 | Bailey   | 4thArraOfDagon: yep
  7137 | Bailey   | Dirian: iron maiden <3
  7277 | Bailey   | Killed an orc knight
  7284 | Bailey   | 4thArraOfDagon: lol they are asking for it
  7504 | D:11     | Noticed a centaur warrior
  7539 | D:11     | Killed a centaur warrior
  7557 | D:11     | Noticed a tengu warrior
  7959 | D:11     | Killed a tengu warrior
  7959 | D:11     | Reached skill level 5 in Air Magic
  8006 | D:11     | Noticed a tengu warrior
  8024 | D:11     | Killed a tengu warrior
  8046 | D:11     | Noticed a hill giant
  8062 | D:11     | Killed a hill giant
  8100 | D:11     | Reached XP level 12. HP: 37/83 MP: 5/19
  8115 | D:11     | Got a spiked helmet
  8116 | D:11     | BLOAX: is that yet another shitty randart helmet
  8116 | D:11     | Identified the +1 helmet "Qiufizoi" {rF- rN++ Regen+ Dex+4} (You found it on level 11 of the Dungeon)
  8117 | D:11     | 4thArraOfDagon: kinda
  8117 | D:11     | BLOAX: kind of
  8142 | D:11     | BLOAX: regen is so good on mu though..
  8173 | D:11     | BLOAX: and if you still haven't gotten rF- covered then it's free f00d
  8173 | D:11     | 4thArraOfDagon: got two regen sources
  8179 | D:11     | BLOAX: ah ah
  8233 | D:12     | Got a jewelled broad axe
  8234 | D:12     | Identified the +7 broad axe of Dismay {holy, Dex+10} (You found it on level 12 of the Dungeon)
  8235 | D:12     | 4thArraOfDagon: haha
  8235 | D:12     | BLOAX: :- )
  8235 | D:12     | BLOAX: dismay
  8235 | D:12     | BLOAX: how accurate
  8316 | D:12     | Identified the cursed +2 long sword "Atopoh" {slice, *Drain rElec rN+} (You found it in a labyrinth)
  8321 | D:12     | Identified the +3 hand crossbow of Ethefru {elec, +Fly rPois MR+ Str-3} (You found it in a labyrinth)
  8341 | D:12     | Noticed chonchonts's ghost (journeyman MiFi)
  8445 | D:12     | Reached skill level 9 in Polearms
  8604 | D:13     | Noticed an ice dragon
  8607 | D:13     | Killed an ice dragon
  8611 | D:13     | Noticed a sphinx
  8715 | D:13     | Killed a sphinx
  9271 | D:14     | Reached skill level 5 in Fighting
  9312 | D:14     | Noticed a seven-headed hydra
  9316 | D:14     | Killed a seven-headed hydra
  9429 | D:15     | Entered Level 15 of the Dungeon
  9429 | D:15     | Noticed Dirian's ghost (journeyman MiFi)
  9509 | D:14     | Noticed a tengu warrior
  9533 | D:14     | Killed a tengu warrior
 10108 | D:12     | Reached skill level 10 in Polearms
 10223 | D:12     | Reached skill level 5 in Stealth
 10368 | D:12     | Gained mutation: You are in touch with the powers of death. [Mummy growth]
 10368 | D:12     | Gained mutation: You can restore your body by infusing magical energy. [Mummy growth]
 10368 | D:12     | Reached XP level 13. HP: 88/92 MP: 20/20
 10371 | D:12     | Reached skill level 10 in Evocations
 10384 | D:12     | Found Pavuvilo's Food Emporium.
 10642 | Orc:1    | Entered Level 1 of the Orcish Mines
 10642 | Orc:1    | Noticed Josephine
 10700 | Orc:1    | Killed Josephine
 10816 | Orc:1    | Noticed an ettin
 10837 | Orc:1    | Killed an ettin
 10860 | Orc:1    | Found Xiymy's Magic Scroll Boutique.
 10868 | Orc:1    | Bought a scroll of teleportation for 45 gold pieces
 10868 | Orc:1    | Bought a scroll of recharging for 142 gold pieces
 10868 | Orc:1    | Bought a scroll of fog for 30 gold pieces
 10868 | Orc:1    | Bought a scroll of enchant weapon for 112 gold pieces
 10868 | Orc:1    | Bought a scroll of enchant armour for 112 gold pieces
 10868 | Orc:1    | Bought 3 scrolls of identify for 90 gold pieces
 10868 | Orc:1    | Bought a scroll of identify for 30 gold pieces
 10868 | Orc:1    | Bought a scroll of identify for 30 gold pieces
 10984 | Orc:2    | Entered Level 2 of the Orcish Mines
 11221 | Orc:2    | Found Zinawifa's Antique Weapon Shop.
 11250 | Orc:2    | Reached skill level 5 in Dodging
 11262 | Orc:2    | Found Tifyisma's Antique Weapon Shoppe.
 11343 | Orc:2    | Received a gift from Pakellas
 11509 | Orc:2    | Found a roughly hewn altar of Beogh.
 11703 | Orc:2    | Found a staircase to the Elven Halls.
 11708 | Orc:2    | Found Gucirr's Gadget Shoppe.
 11708 | Orc:2    | Found Yrphaiqo's Armour Shop.
 11786 | Orc:2    | Bought a +1 pair of boots of running for 511 gold pieces
 11796 | Orc:2    | cha ching
 12022 | Orc:1    | Noticed Erica
 12030 | Orc:1    | Killed Erica
 12035 | Orc:1    | BLOAX: https://dl.dropboxusercontent.com/u/63152810/n/s/shit/duce.png
 12038 | Orc:1    | Noticed Harold
 12041 | Orc:1    | BLOAX: r8 my duce
 12051 | Orc:1    | Killed Harold
 12084 | Orc:1    | 4thArraOfDagon: w00t
 12084 | Orc:1    | 4thArraOfDagon: w0t is dat
 12084 | Orc:1    | BLOAX: mussolini as you can see
 12090 | Orc:1    | 4thArraOfDagon: right
 12162 | Orc:1    | BLOAX: http://i.imgur.com/5y8GFdv.png i just saw this and couldn't help myself
 12224 | Orc:1    | Noticed Maurice
 12288 | Orc:1    | 4thArraOfDagon: wolvenstein 3d?
 12288 | Orc:1    | BLOAX: well yes some weirdoes still make shit for that
 12288 | Orc:1    | 4thArraOfDagon: ugh
 12352 | Orc:2    | BLOAX: but i had to make a proper game-size portrait because that is just disgraceful
 12561 | Orc:1    | Killed Maurice
 12674 | Lair:1   | Entered Level 1 of the Lair of Beasts
 12855 | Lair:1   | Reached skill level 11 in Polearms
 12867 | Lair:1   | Reached skill level 5 in Armour
 13256 | Lair:1   | You fall through a shaft!
 13256 | Lair:2   | Noticed Sonja
 13261 | Lair:2   | Killed Sonja
 13296 | Lair:2   | BLOAX: how's mr. pew pew boom ellas?
 13438 | Lair:2   | Reached XP level 14. HP: 100/103 MP: 9/21
 13605 | Lair:3   | Found a staircase to the Swamp.
 13645 | Lair:3   | Got a dazzling long sword
 13646 | Lair:3   | Identified the cursed +3 long sword "Giantbane" {vamp, SInv} (You found it on level 3 of the Lair of Beasts)
 13871 | Lair:3   | 4thArraOfDagon: he is just great
 13871 | Lair:3   | 4thArraOfDagon: cant imagine better for mummy right now
 14003 | Lair:4   | Learned a level 2 spell: Swiftness
 14068 | Lair:4   | Got a dazzling spear
 14070 | Lair:4   | Identified the +7 spear "Newtbane" {drain, rPois Int+2} (You found it on level 4 of the Lair of Beasts)
 14120 | Lair:4   | Got a faintly glowing robe
 14121 | Lair:4   | Identified the +1 robe of Indecent Exposure {Str+3} (You found it on level 4 of the Lair of Beasts)
 14137 | Lair:5   | Found a hole to the Spider Nest.
 14434 | Lair:5   | Received a gift from Pakellas
 14552 | Lair:5   | Got a jewelled leather armour
 14553 | Lair:5   | Identified the +3 leather armour of the Lizard {-Tele +Fly rElec} (You found it on level 5 of the Lair of Beasts)
 15242 | Lair:8   | Entered Level 8 of the Lair of Beasts
 15396 | Lair:8   | Reached skill level 12 in Polearms
 15704 | Lair:8   | Reached XP level 15. HP: 112/112 MP: 13/23
 15852 | Lair:8   | BLOAX: https://www.youtube.com/watch?v=hNRO7lno_DM blasphemy
 15854 | Lair:8   | 4thArraOfDagon: i used to like demoscene
 15854 | Lair:8   | 4thArraOfDagon: it looks like its still active in these times
 16101 | Lair:7   | BLOAX: apparently this is a 8088 demo from 2015
 16270 | Lair:5   | 4thArraOfDagon: how do i restore from confusion
 16270 | Lair:5   | BLOAX: you can't
 16270 | Lair:5   | BLOAX: and fortunately clarity is removed
 16270 | Lair:5   | BLOAX: so now you can truly experience Mu!!
 16372 | Swamp:1  | Entered Level 1 of the Swamp
 16459 | Swamp:1  | Dirian: or luckily get four wind
 17040 | Swamp:2  | Learned a level 8 spell: Controlled Blink
 17100 | Swamp:3  | Noticed Nikola
 17105 | Swamp:3  | Noticed Louise
 17108 | Swamp:3  | Killed Louise
 17113 | Swamp:3  | Killed Nikola
 17121 | Swamp:3  | Got a pair of fine gloves
 17122 | Swamp:3  | Identified the +5 pair of gloves "Caeryid" {rF+} (You took it off Nikola on level 3 of the Swamp)
 17154 | Swamp:2  | Noticed Aizul
 17168 | Swamp:2  | Killed Aizul
 17334 | Swamp:3  | Reached skill level 10 in Stealth
 17475 | Swamp:4  | Entered Level 4 of the Swamp
 17569 | Swamp:4  | Noticed Donald
 17638 | Swamp:4  | BLOAX: distortion dolan
 17638 | Swamp:4  | BLOAX: great
 17643 | Swamp:4  | Killed Donald
 17660 | Swamp:4  | Noticed a thorn hunter
 17664 | Swamp:4  | Killed a thorn hunter
 17671 | Swamp:4  | Noticed a thorn hunter
 17680 | Swamp:4  | Killed a thorn hunter
 17736 | Swamp:4  | Reached skill level 13 in Polearms
 17902 | Swamp:4  | Reached XP level 16. HP: 118/120 MP: 5/24
 17944 | Swamp:4  | Learned a level 1 spell: Apportation
 17959 | Swamp:4  | Learned a level 4 spell: Passage of Golubria
 18005 | Swamp:4  | Received a gift from Pakellas
 18014 | Swamp:4  | Noticed a thorn hunter
 18022 | Swamp:4  | Killed a thorn hunter
 18082 | Swamp:4  | Got a bloodstained blowgun
 18083 | Swamp:4  | Identified the +3 blowgun of Bodily Harmony {speed, rC+} (You found it on level 4 of the Swamp)
 18106 | Swamp:4  | Got a decaying rune of Zot
 18481 | Spider:1 | Entered Level 1 of the Spider Nest
 18846 | Spider:2 | Noticed Jorgrun
 18956 | Spider:2 | Identified a scroll of acquirement
 18982 | Spider:2 | BLOAX: wow
 18990 | Spider:2 | BLOAX: 10/10 mummer gloves
 19002 | Spider:2 | Noticed Arachne
 19002 | Spider:2 | BLOAX: !!!
 19003 | Spider:2 | BLOAX: a rod
 19009 | Spider:2 | BLOAX: i wonder if it's ignition
 19010 | Spider:2 | Noticed Wiglaf
 19013 | Spider:2 | BLOAX: ruh roh
 19053 | Spider:4 | Entered Level 4 of the Spider Nest
 19355 | Spider:4 | AND WELCOMING COMITEE AT S:3
 19355 | Spider:4 | 4thArraOfDagon: night
 19355 | Spider:4 | 4thArraOfDagon: glowing eyes
 19355 | Spider:4 | 4thArraOfDagon: glowing brain
 19355 | Spider:4 | 4thArraOfDagon: :S
 19355 | Spider:4 | 4thArraOfDagon: ill try to not splat this tommorow haha
 19355 | Spider:4 | Upgraded the game from 0.18-a0-1396-g8753ca6 to 0.18-a0-1405-g73f4075
 19769 | Spider:4 | HP: 4/122 [spark wasp (4)]
 19829 | Spider:4 | Reached skill level 10 in Fighting
 19986 | Spider:4 | Got a pitted scale mail
 19997 | Spider:4 | Identified the +0 scale mail of Zemoban {rN+ Str+6 Int+4} (You found it on level 4 of the Spider Nest)
 20222 | Spider:4 | Got a gossamer rune of Zot
 20310 | Spider:4 | Reached skill level 14 in Polearms
 20556 | Spider:3 | Reached XP level 17. HP: 128/128 MP: 11/25
 20849 | Spider:3 | BLOAX: dum de dum
 20909 | Spider:2 | Sixotanaka: oh hi
 20965 | Spider:2 | 4thArraOfDagon: hi
 21019 | Spider:2 | Received a gift from Pakellas
 21020 | Spider:2 | BLOAX: how goes
 21119 | Spider:2 | Killed Arachne
 21177 | Spider:2 | Killed Wiglaf
 21197 | Spider:2 | Identified a +2 rod of clouds (14/14) (You found it on level 2 of the Spider Nest)
 21282 | Spider:2 | 4thArraOfDagon: sup
 21282 | Spider:2 | 4thArraOfDagon: had quite busy day at work
 21282 | Spider:2 | 4thArraOfDagon: had to escalate few things to my 2nd line manager
 21282 | Spider:2 | 4thArraOfDagon: but whatever, im cut off from that shit right now ^_^
 21521 | Lair:5   | BLOAX: +6 reflection for 350 gold
 21521 | Lair:5   | BLOAX: what a steal
 21521 | Lair:5   | 4thArraOfDagon: yea
 21739 | D:7      | BLOAX: that's almost a brooch of shielding
 21739 | D:7      | Bought a +6 amulet of reflection for 350 gold pieces
 21739 | D:7      | zzxc: the +4 hat of Complete Protection
 21739 | D:7      | zzxc: and you're not even wearing it
 21739 | D:7      | 4thArraOfDagon: idk
 21739 | D:7      | BLOAX: the temptation of regen is real :-)
 21739 | D:7      | zzxc: Complete Protection
 21882 | Elf:1    | Entered Level 1 of the Elven Halls
 21936 | Elf:1    | 4thArraOfDagon: hmm
 21936 | Elf:1    | BLOAX: good thing weapons are immune to elements
 21936 | Elf:1    | 4thArraOfDagon: animated weapons
 21936 | Elf:1    | BLOAX: zap acid at it
 22164 | Elf:1    | BLOAX: oh hey a wand of acid there
 22185 | Elf:1    | 4thArraOfDagon: aha
 22185 | Elf:1    | 4thArraOfDagon: I'll be back
 22185 | Elf:1    | BLOAX: zap the axe with yours
 22234 | Elf:1    | Noticed Kirke
 22359 | Elf:1    | BLOAX: https://www.youtube.com/watch?v=gU0P9MoFnn4 :^)
 22425 | Elf:1    | BLOAX: wand of slowing?
 22569 | Elf:1    | Noticed Azrael
 22595 | Elf:2    | Found Xymnad's Antique Weapon Shop.
 22643 | Elf:2    | Found Untin's Food Boutique.
 22701 | Elf:2    | Found a portal to a secret trove of treasure.
 22901 | Elf:3    | Entered Level 3 of the Elven Halls
 22951 | Elf:3    | Found a magical portal.
 23011 | WizLab   | Entered Doroklohe's Tomb
 23037 | WizLab   | BLOAX: be careful!!
 23043 | WizLab   | BLOAX: you might get tormented to death!!!!
 23060 | WizLab   | Sixotanaka: ;)
 23082 | WizLab   | Sixotanaka: so you know how i said i was sick the other night?
 23090 | WizLab   | Sixotanaka: strep throat :(
 23107 | WizLab   | BLOAX: rip
 23140 | WizLab   | BLOAX: i was dying from memefluenza the entirety of last week
 23152 | WizLab   | Sixotanaka: yeah i had that
 23175 | WizLab   | Sixotanaka: but now i have strep throat
 23176 | WizLab   | BLOAX: what an awful development of events
 23176 | WizLab   | Sixotanaka: i had to wait for >1 hour in like the worst station in Melbourne
 23176 | WizLab   | Sixotanaka: well it's actually the best station, it's just awful if you like breathing
 23218 | WizLab   | Sixotanaka: https://upload.wikimedia.org/wikipedia/commons/f/f4/Southern_Cross_Station.jpg
 23221 | WizLab   | Noticed an ancient lich
 23222 | WizLab   | BLOAX: so basically looking like a robber is mandatory is what you're saying
 23223 | WizLab   | BLOAX: oh shit
 23226 | WizLab   | Sixotanaka: o shit
 23227 | WizLab   | Sixotanaka: aliches
 23233 | WizLab   | BLOAX: aaaa
 23233 | WizLab   | Sixotanaka: o shit
 23234 | WizLab   | BLOAX: homing balls of death
 23235 | WizLab   | zzxc: :/
 23248 | WizLab   | BLOAX: phew
 23264 | WizLab   | BLOAX: thank you mr. big fat giant zombie
 23267 | WizLab   | zzxc: homing death balls
 23287 | WizLab   | BLOAX: the best part about the homing death balls is that they of course do maximum damage
 23294 | WizLab   | zzxc: they always do maximum damage
 23304 | WizLab   | zzxc: more balls
 23308 | Elf:3    | BLOAX: baller
 23713 | Elf:3    | BLOAX: lol
 23717 | Elf:3    | BLOAX: "My personal favorite bug was that one short-lived version were giant mosquitoes had the same population and cluster as regular mosquitoes, so whenever they'd spawn df would freeze up and then twenty minutes later you had 300 giant mosquitoes on the edge of your map. It was awesome. "
 23767 | Elf:3    | BLOAX: what an inconspicuous dorf fort bug
 23797 | Elf:3    | Noticed a deep elf blademaster
 23816 | Elf:3    | Sixotanaka: lol
 23827 | Elf:3    | Killed a deep elf blademaster
 23827 | Elf:3    | Reached XP level 18. HP: 124/138 MP: 2/27
 23865 | Elf:3    | BLOAX: unrelated, but inconspicuous is an annoying word since i keep remembering it as having the classic 'icious' adjective ending
 23866 | Elf:3    | Got a faintly glowing iron amulet
 23906 | Elf:3    | Sixotanaka: the worst word to type is unsigned
 23919 | Elf:3    | BLOAX: while i clearly remember the word vocally as being inconspi-cu-ous
 23927 | Elf:3    | Reached skill level 15 in Polearms
 23930 | Elf:3    | Sixotanaka: i literally typo that >1 times per day
 23974 | Elf:3    | BLOAX: What, do you keep writing unsinged?
 23986 | Elf:3    | Sixotanaka: unsigned usnigned
 23993 | Elf:3    | Sixotanaka: all sorts of shit
 23998 | Elf:3    | BLOAX: USnigged
 24000 | Elf:3    | Sixotanaka: lol
 24001 | Elf:3    | Identified the amulet of Vuuxinum {Faith +Fly rElec} (You took it off a deep elf high priest on level 3 of the Elven Halls)
 24002 | Elf:3    | knew it
 24008 | Elf:3    | knew it
 24028 | Elf:3    | BLOAX: oh
 24028 | Elf:3    | BLOAX: {pakellas}' 6* capstone one-time offer - sets a rod to +10 (18/18), or a wand to 4/3 its normal charge capacity (with an accompanying permanent increase in its capacity).
 24032 | Elf:3    | BLOAX: that's neat i guess
 24041 | Elf:3    | 4thArraOfDagon: i still cant decide
 24041 | Elf:3    | 4thArraOfDagon: what should i superrecharge
 24041 | Elf:3    | BLOAX: healwand or rod of inacc? :^)
 24142 | Elf:3    | Got a vibrating silver ring
 24144 | Elf:3    | Identified the ring "Sehunoep" {rElec rPois Str+2 SInv Stlth+} (You took it off a deep elf high priest on level 3 of the Elven Halls)
 24261 | Elf:3    | BLOAX: psst
 24269 | Elf:3    | BLOAX: shift-aiming makes you fire all the way in the direction you press alongside shift
 24430 | Elf:3    | Got a transparent ivory ring
 24432 | Elf:3    | Identified the ring "Syoqim" {MR+ Int+2 Stlth-} (You found it on level 3 of the Elven Halls)
 24865 | Lair:7   | Sixotanaka: Don't forget rod ;)
 25055 | Lair:7   | Found a staircase to the Slime Pits.
 25063 | Slime:1  | Entered Level 1 of the Pits of Slime
 25073 | Slime:1  | Reached skill level 10 in Dodging
 25613 | Slime:1  | Sixotanaka: lol
 25712 | Slime:2  | Reached skill level 10 in Armour
 25997 | Slime:2  | Noticed Vojta's ghost (veteran HuAs)
 26335 | Slime:6  | Entered Level 6 of the Pits of Slime
 26444 | Slime:4  | Received a gift from Pakellas
 26445 | Slime:4  | Sixotanaka: howcome you're full clearing this, xp?
 26452 | Slime:4  | 4thArraOfDagon: i have to find save S:6 approach
 26452 | Slime:4  | Sixotanaka: ah
 26452 | Slime:4  | 4thArraOfDagon: without making too much noise
 26452 | Slime:4  | Sixotanaka: so you're like, daisy chaining down?
 26457 | Slime:4  | Drew Focus: Str increased to 21, Int decreased to 9
 26485 | Slime:4  | BLOAX: oh in that case make sure to listen to something very sneaky and quiet https://www.youtube.com/watch?v=QubK3Bbl3_Y
 26489 | Slime:4  | BLOAX: : ^ ))
 26748 | Slime:5  | Sixotanaka: do you like Opeth BLOAX?
 26767 | Slime:5  | BLOAX: I've never listened to them, so I can't say.
 26799 | Slime:4  | Reached XP level 19. HP: 106/141 MP: 15/28
 26800 | Slime:4  | Sixotanaka: my fav band of all
 26815 | Slime:5  | Sixotanaka: prog death metal
 26828 | Slime:5  | BLOAX: i'm more of a meloblack meme metal guy
 26834 | Slime:5  | Sixotanaka: lol
 26864 | Slime:5  | BLOAX: https://www.youtube.com/watch?v=_vxvvAs0XBw some good stuff in that direction
 27004 | Slime:5  | Sixotanaka: mm
 27013 | Slime:5  | Sixotanaka: i was listening to meshuggah a lot yesterday
 27027 | Slime:6  | Sixotanaka: hard to listen to this style after
 27036 | Slime:6  | Sixotanaka: i used to be real big into this tho
 27039 | Slime:6  | Sixotanaka: power/extreme metal
 27051 | Slime:6  | Noticed the Royal Jelly
 27054 | Slime:6  | BLOAX: i am extremely picky
 27073 | Slime:5  | BLOAX: although what i do like i kind of don't stop liking
 27091 | Slime:5  | Sixotanaka: mm
 27098 | Slime:5  | Sixotanaka: i like basically everything
 27109 | Slime:5  | Sixotanaka: but i go through phases
 27124 | Slime:5  | Sixotanaka: sometimes i like kpop, sometimes i like black metal
 27126 | Slime:5  | Sixotanaka: it's weird
 27126 | Slime:5  | Reached skill level 16 in Polearms
 27149 | Slime:5  | BLOAX: I am much more consistent in that regard. :-)
 27173 | Slime:6  | Sixotanaka: xD
 27225 | Slime:6  | Sixotanaka: https://www.youtube.com/watch?v=f0T-TPXS1M0
 27231 | Slime:6  | Sixotanaka: was listening to this
 27240 | Slime:6  | Sixotanaka: before you posted links xD
 27248 | Slime:6  | BLOAX: " This video contains content from WMG, who has blocked it in your country on copyright grounds." nice
 27248 | Slime:6  | Sixotanaka: lol
 27248 | Slime:6  | Sixotanaka: germany?
 27248 | Slime:6  | 4thArraOfDagon: anyway opeth is not my mood :(
 27248 | Slime:6  | 4thArraOfDagon: very good band but too calm :S
 27250 | Slime:6  | Sixotanaka: heh
 27256 | Slime:6  | Sixotanaka: some of their songs are pretty chaotic
 27268 | Slime:6  | BLOAX: Denmark, so that's a surprise.
 27272 | Slime:6  | Sixotanaka: ah
 27272 | Slime:6  | Sixotanaka: yeah denmark is a cool place
 27278 | Slime:6  | BLOAX: Not too much shit is blocked here.
 27278 | Slime:6  | BLOAX: Though it is no Kazakhstan.
 27278 | Slime:6  | whats the plan
 27278 | Slime:6  | Sixotanaka: like nothing is blocked here
 27278 | Slime:6  | Sixotanaka: in Australostan
 27286 | Slime:6  | BLOAX: well i can tell you that deliverance flies right above my head
 27286 | Slime:6  | BLOAX: in much the same way most of the Death stuff does
 27290 | Slime:6  | Sixotanaka: now Death is something I can't get into
 27290 | Slime:6  | Sixotanaka: zxc loves them
 27292 | Slime:6  | BLOAX: me neither
 27292 | Slime:6  | BLOAX: but then there's shit like https://www.youtube.com/watch?v=UC_tEbpXMFw
 27292 | Slime:6  | BLOAX: and i can't help myself
 27299 | Slime:6  | Killed the Royal Jelly
 27307 | Slime:6  | Sixotanaka: i really can't stand the vocals
 27326 | Slime:6  | Sixotanaka: reminds me of punk
 27384 | Slime:6  | zzxc: I don't listen to most of Death's music
 27394 | Slime:6  | BLOAX: I have nothing against punk except the fact that most of punk is unsurprisingly not very good.
 27422 | Slime:6  | Sixotanaka: lol
 27425 | Slime:6  | zzxc: Symbolic and The Sound of Perseverance are very good
 27434 | Slime:6  | zzxc: especially Symbolic
 27447 | Slime:6  | Sixotanaka: there's something to be said for breaking rules in music, but when you break all of them with no regard for why they're in place to begin with you end up with Punk
 27449 | Slime:6  | zzxc: https://www.youtube.com/watch?v=OiM0xL3SoMM
 27474 | Slime:6  | zzxc: of course i hated the vocals for a long time but I don't mind them now
 27494 | Slime:6  | meh
 27495 | Slime:6  | BLOAX: man there's just something humourous about people not liking chuck shouting
 27497 | Slime:6  | Sixotanaka: people say similar things about injecting heroin ;)
 27498 | Slime:6  | BLOAX: because there are so many things that are worse
 27498 | Slime:6  | Got a slimy rune of Zot
 27502 | Slime:6  | Sixotanaka: "of course i hated the needles for a long time but i don't mind them now"
 27510 | Slime:6  | BLOAX: well there's a pretty big difference between heroin and music taste
 27517 | Slime:6  | Sixotanaka: lol
 27523 | Slime:6  | Sixotanaka: that's true :P
 27524 | Slime:6  | BLOAX: mostly because one will physically fuck you up while the other won't
 27540 | Slime:6  | Sixotanaka: maybe your ear drums if it's too loud
 27541 | Slime:6  | BLOAX: and it's probably not the satanic music of death that will fuck your shit up
 27542 | Slime:6  | Sixotanaka: or brain cells if it's pop
 27543 | Slime:6  | zzxc: never listen to Death, kids
 27549 | Slime:6  | zzxc: but heroin, there's a good pasttime
 27551 | Slime:6  | Got an encrusted scale mail
 27552 | Slime:6  | BLOAX: never listen to Death, kids
 27562 | Slime:6  | BLOAX: instead you should listen to tr00 kvlt satanic black metull
 27565 | Slime:6  | Sixotanaka: lol
 27569 | Slime:6  | Sixotanaka: oh man the way you spelled those hahaha
 27572 | Slime:6  | Sixotanaka: well memed
 27572 | Slime:6  | BLOAX: mememaster reporting for duty
 27579 | Slime:6  | BLOAX: zzxc: i really want to like that song but it somehow throws me off
 27580 | Slime:6  | Sixotanaka: pretty much how i feel
 27581 | Slime:6  | Sixotanaka: about most of Death
 27605 | Slime:6  | Sixotanaka: https://www.youtube.com/watch?v=yO7MWuJ7zLA
 27610 | Slime:6  | BLOAX: it doesn't even "throw me off", it just repels in some strange way
 27678 | Slime:5  | Sixotanaka: this is memes
 27782 | Slime:6  | BLOAX: you're right
 27786 | Slime:6  | Sixotanaka: memes/10
 27786 | Slime:6  | BLOAX: that truly is memetastic
 27817 | Slime:6  | Sixotanaka: he's literally yodeling outside "cafe hell"
 27817 | Slime:6  | zzxc: you guys make me sick
 27819 | Slime:6  | BLOAX: he even bears the distinct look of "haha what the fuck am i doing"
 27820 | Slime:6  | Sixotanaka: ikr
 27820 | Slime:6  | Sixotanaka: it sounds like the random guy talking over it
 27820 | Slime:6  | Sixotanaka: is like forcing him to do this shit
 27820 | Slime:6  | Sixotanaka: on pain of killing his beloved chickens
 27852 | Slime:6  | Sixotanaka: https://www.youtube.com/watch?v=4Y5iumzN4v4
 27857 | Slime:6  | Sixotanaka: you've heard this one right?
 27874 | Slime:6  | zzxc: I think
 27893 | Slime:6  | zzxc: dcss devs are high
 27895 | Slime:6  | zzxc: like all the time
 27899 | Slime:6  | BLOAX: I like https://dl.dropboxusercontent.com/u/63152810/ThroughTheSafetyAndTheDance.mp3 more
 27899 | Slime:6  | Sixotanaka: lol
 27906 | Slime:6  | Sixotanaka: lmao
 27907 | Slime:6  | Got a twitching pewter amulet
 27924 | Slime:6  | Sixotanaka: https://www.youtube.com/watch?v=xFSwIw-_-as
 27928 | Slime:6  | Sixotanaka: this one also has a great URL
 28094 | Slime:6  | BLOAX: meanwhile i have no trouble liking https://www.youtube.com/watch?v=qd_jlnvUJz0
 28125 | Slime:6  | BLOAX: must be the coherency between the drumming and everything else
 28230 | Lair:7   | Identified the cursed +0 scale mail of Trog's Reproof {+Fly Str+2} (You found it on level 6 of the Pits of Slime)
 28231 | Lair:7   | Identified the amulet "Ihilorgh" {+Rage rElec SInv} (You found it on level 6 of the Pits of Slime)
 28232 | Lair:7   | BLOAX: great body armors brah
 28235 | Lair:7   | BLOAX: +0 scalemails all day erry day
 28253 | Lair:7   | BLOAX: this mummy begs for a gda for the sake of not giving a shit
 28429 | D:9      | 4thArraOfDagon: lets dive to zot
 28523 | D:11     | Sixotanaka: lol
 28739 | D:15     | Killed Dirian's ghost
 28871 | D:15     | Found a staircase to the Depths.
 28955 | D:15     | BLOAX: lol
 28960 | D:15     | BLOAX: https://www.youtube.com/watch?v=hHXISPjjwy8
 28966 | D:15     | BLOAX: this sounds old as fuck
 29026 | Depths:1 | Entered Level 1 of the Depths
 29026 | Depths:1 | Found a gateway to Hell.
 29059 | Depths:1 | BLOAX: (it's from 2016)
 29088 | Depths:1 | BLOAX: in fact
 29089 | Depths:1 | BLOAX: Release date: February 12th, 2016
 29093 | Depths:1 | BLOAX: it's pretty recent
 29126 | Depths:1 | Sixotanaka: lol
 29184 | Depths:1 | Sixotanaka: typical punk production xD
 29220 | Depths:1 | Sixotanaka: typical of, i should say
 29231 | Depths:1 | BLOAX: "Gehennah opted for a rather raw and dirty production, with everything except the solos and vocals being recorded live with no overdubs."
 29259 | Depths:1 | Sixotanaka: lol
 29259 | Depths:1 | BLOAX: old-ass metal production
 29261 | Depths:1 | Sixotanaka: i've heard bands do that
 29261 | Depths:1 | zzxc: don't know if i hate the production more or everything else
 29261 | Depths:1 | Sixotanaka: and it sounds good
 29261 | Depths:1 | Sixotanaka: though
 29474 | Depths:1 | BLOAX: oh
 29480 | Depths:1 | BLOAX: the singer is only 38
 29480 | Depths:1 | BLOAX: neat
 29519 | Depths:1 | BLOAX: i was about to get a bit worried what with them having participated in something back in 1998
 29528 | Depths:1 | Sixotanaka: lol
 29547 | Depths:1 | Identified the Papyrus of Lucky Displacement (You found it on level 1 of the Depths)
 29558 | Depths:1 | Found Suintemn's Gadget Emporium.
 29573 | Depths:1 | Identified a +10 rod of inaccuracy (18/18) (supercharged by Pakellas)
 29648 | Depths:1 | zzxc: irritates me seeing this bardiche without a brand
 29653 | Depths:1 | Sixotanaka: lol
 29669 | Depths:1 | Sixotanaka: dammit 4th, where's your ocd at
 29693 | Depths:1 | Found a one-way gate leading to the halls of Pandemonium.
 29710 | Depths:1 | BLOAX: ocd?
 29715 | Depths:1 | Sixotanaka: obsessive compulsive disorder
 29717 | Depths:1 | zzxc: 4th pls do speedruns with uka when added
 29753 | Depths:1 | BLOAX: uka?
 29753 | Depths:1 | zzxc: ukay
 29753 | Depths:1 | Sixotanaka: u okay?
 29753 | Depths:1 | BLOAX: who is that
 29753 | Depths:1 | 4thArraOfDagon: ukak
 29753 | Depths:1 | zzxc: ukek
 29753 | Depths:1 | Sixotanaka: ipecac?
 29805 | Depths:2 | Found a glowing golden altar of the Shining One.
 29826 | Depths:2 | better?no
 29829 | Depths:2 | BLOAX: https://www.youtube.com/watch?v=lnqtdYaQEvs lol
 29853 | Depths:2 | Reached XP level 20. HP: 150/150 MP: 24/30
 29854 | Depths:2 | 4thArraOfDagon: lets get zerked
 29986 | Depths:2 | BLOAX: man the lyrics to this thing are hilarious
 29989 | Depths:2 | Received a gift from Pakellas
 30010 | Depths:2 | BLOAX: drop one of the telewands
 30149 | Depths:2 | Noticed a juggernaut
 30220 | Depths:2 | Killed a juggernaut
 30220 | Depths:2 | Reached skill level 17 in Polearms
 30260 | Depths:2 | Noticed a juggernaut
 30276 | Depths:2 | Killed a juggernaut
 30299 | Depths:2 | Noticed an iron giant
 30338 | Depths:2 | Killed from afar by an iron giant

Vault maps used:
D:1:      dpeg_arrival_windows_large_door
D:2:      zin_statuary, ecumenical_altar_1, fedhas_altar_4
D:3:      wad_pebble_path, grunt_temple_overflow_diamond, old_standard_altar,
          solitary_fountain
D:4:      okawaru_trees_2, vehumet_crystals, serial_shops,
          nicolae_shop_statue_plus, amethyst_killhole, minmay_misc_feat_iff,
          bh_chokoban
D:5:      first_bread, uniq_eustachio
D:6:      lemuel_crystal_altar, minmay_temple_entry_hall, basic_altar,
          nemelex_dance_club_becter
D:7:      gammafunk_temple_overflow_elements, nemelex_deck, serial_shops,
          nicolae_shop_stone, the_bakery, nicolae_dithmenos_the_darkroom,
          uniq_prince_ribbit1, uniq_pikel, uniq_duvessa
D:8:      grunt_temple_overflow_forces_of_nature
D:9:      lemuel_coloured_pillars_altar, erik_lair_orcish_takeover, erik_orc_1
D:10:     uniq_maud
D:11:     minmay_goldmine, lab_entry_generic, enter_bailey_3
D:12:     serial_shops, shop
D:13:     minmay_smoke_and_mirrors, hangedman_corner_corridor
D:14:     david_vaults_5
D:15:     hangedman_depths_entry_civil_slaughter, serial_park_tiny_2
Lair:1:   grunt_forest_small_clearings, beast_lair_carwin_5
Lair:2:   beast_lair_carwin_3, infiniplex_staircase_pool, uniq_sonja
Lair:3:   swamp_mist, special_room, serial_bayou, serial_bayou_lagoon_a,
          serial_bayou_lake_a, serial_bayou_ford_a, serial_bayou_pond_e,
          roderic_carrion_pond
Lair:4:   infiniplex_staircase_pool_2, grunt_megastairs_1, serial_bayou_shore_a
Lair:5:   spider_nest_entry_a, minivault_24, minivault_19,
          nicolae_quartered_pool_super, st_stairs_8, beast_lair_carwin_1
Lair:6:   lemuel_fruit_fields, grunt_megastairs_5, lemuel_fruit_tree
Lair:7:   dpeg_slime_entry_corner
Lair:8:   evilmike_catoblepas_cave
Swamp:1:  evilmike_swamp_ruin_house_3, swamp_pool4
Swamp:2:  evilmike_swamp_ruin_house_6, swamp_pool2, uniq_aizul
Swamp:3:  cheibrodos_swamp_heart_of_darkness, evilmike_swamp_ruin_house_5,
          swamp_pool5, uniq_nikola, uniq_louise
Swamp:4:  swamp_basic_johnstein, uniq_donald
Spider:2: special_room, uniq_arachne, uniq_wiglaf, uniq_jorgrun
Spider:4: spider_rune_water
Orc:1:    serial_shops, shop, uniq_harold, uniq_erica, uniq_maurice,
          uniq_josephine
Orc:2:    st_orc_town
Elf:1:    eino_elf_arrival_the_gate, minmay_elf_crystal_heptagon, uniq_azrael,
          uniq_roxanne, uniq_kirke
Elf:2:    enter_trove_6, serial_shops, shop, shop,
          serial_sigils_hangedman_writhe
Elf:3:    minmay_elf_hall_dome, mu_enter_wizlab_6
Depths:1: hell_entry, minmay_misc_feat_more_columns, pan_entry, serial_shops,
          shop, grunt_decor_one_mirror, kennysheep_decorative_pillar,
          hangedman_research_quantum
Depths:2: grunt_arcs, hell_entry, minivault_14, tso_altar, firewood_loft,
          uniq_saint_roka
Lab:      labyrinth_hidden_loot
Bailey:   bailey_axe_4, bailey
WizLab:   wizlab_doroklohe

Skill      XL: |  1  2  3  4  5  6  7  8  9 10 11 12 13 14 15 16 17 18 19 20 |
---------------+-------------------------------------------------------------+-----
Evocations     | 1 2 4 5 7 8 9 10 11 12 13 | 13.8
Fighting       | 4 5 7 8 9 10 11 12 13 | 13.2
Armour         | 1 4 5 6 7 8 9 10 11 | 11.3
Polearms       | 1 4 7 8 10 11 12 13 14 15 16 17 | 17.1
Air Magic      | 1 4 5 |  5.3
Charms         | 1 2 |  2.2
Spellcasting   | 2 3 4 |  4.0
Translocations | 2 |  2.6
Conjurations   | 2 3 |  3.9
Poison Magic   | 1 3 |  3.7
Dodging        | 3 4 5 6 7 8 9 10 11 | 11.4
Stealth        | 5 7 9 10 12 13 | 13.3
Unarmed Combat | |  3.3

Action                   |  1- 3 |  4- 6 |  7- 9 | 10-12 | 13-15 | 16-18 | 19-21 || total
-------------------------+-------+-------+-------+-------+-------+-------+-------++-------
Melee: Unarmed           |   185 |   135 |       |       |       |       |       ||   320
       Rod               |       |    46 |    93 |     1 |       |       |       ||   140
       Bardiche          |       |       |   161 |   622 |  1154 |  1309 |   450 ||  3696
       Staff             |       |       |       |       |     2 |    12 |       ||    14
Throw: Throwing net      |       |       |       |       |       |     5 |       ||     5
 Cast: Repel Missiles    |       |       |       |     7 |     1 |     4 |     5 ||    17
       Blink             |       |       |       |     1 |     2 |     2 |     2 ||     7
       Mephitic Cloud    |       |       |       |     1 |       |       |       ||     1
Invok: Device Surge      |       |     5 |     6 |    17 |    34 |    12 |    14 ||    88
       Quick Charge      |       |       |       |       |    34 |    54 |    10 ||    98
       Supercharge       |       |       |       |       |       |       |     1 ||     1
Evoke: Rod               |       |    21 |    23 |    43 |    94 |    79 |   107 ||   367
       Wand              |       |     2 |    12 |    37 |    99 |   127 |    47 ||   324
       Disc of storms    |       |       |       |       |    41 |    69 |     2 ||   112
       Box of beasts     |       |       |       |       |     4 |     6 |     5 ||    15
       Deck              |       |       |       |       |     1 |     8 |       ||     9
       Sack of spiders   |       |       |       |       |       |     7 |     2 ||     9
  Use: Scroll            |     1 |     7 |     7 |    10 |    17 |    25 |    12 ||    79
 Stab: Sleeping          |     3 |     2 |     1 |     8 |    30 |    26 |     4 ||    74
       Confused          |       |       |     4 |    27 |    19 |    18 |       ||    68
       Distracted        |       |       |       |     3 |     4 |     7 |     2 ||    16
       Paralysed         |       |       |       |     3 |    15 |       |       ||    18
       Held in net/web   |       |       |       |       |       |     2 |       ||     2
